 Dungeon Crawl Stone Soup version 0.29.1-12-g30fa7ad0bf (webtiles) character file.

Game seed: 14635147449358745654

11860 Peloso the Carver (level 11, -5/97 HPs)
             Began as a Minotaur Fighter on Dec 14, 2022.
             Was a High Priest of Okawaru.
             Slain by a three-headed hydra (12 damage)
             ... on level 1 of the Lair of Beasts.
             The game lasted 00:32:07 (15836 turns).

Peloso the Carver (Minotaur Fighter)               Turns: 15836, Time: 00:32:08

Health: -5/97      AC: 20    Str: 23    XL:     11   Next: 54%
Magic:  11/11      EV:  7    Int:  5    God:    Okawaru [*****.]
Gold:   262        SH: 11    Dex: 12    Spells: 10/10 levels left

rFire   + . .      SeeInvis +   b - +4 hand axe (flame)
rCold   . . .      Faith    .   d - +0 kite shield
rNeg    + . .      Spirit   .   G - +0 plate armour
rPois   .          Reflect  .   (helmet restricted)
rElec   +          Harm     .   q - +2 cloak
rCorr   .          Rampage  .   F - +0 pair of gloves "Vinluad" {rElec rN+ SInv Stlth+}
Will    .....                   (no boots)
Stlth   ..........              (no amulet)
HPRegen 0.26/turn               i - ring of flight
MPRegen 0.12/turn               N - ring of protection from fire

@: flying
A: horns 2, retaliatory headbutt
a: Renounce Religion, Heroism, Finesse, Duel


You were on level 1 of the Lair of Beasts.
You worshipped Okawaru.
Okawaru was extremely pleased with you.
You visited 3 branches of the dungeon, and saw 13 of its levels.

You collected 634 gold pieces.
You spent 372 gold pieces at shops.

Inventory:

Hand Weapons
 a - a +2 vorpal long sword
 b - a +4 hand axe of flaming (weapon)
 c - a +2 scimitar of electrocution
Armour
 d - a +0 kite shield (worn)
 q - a +2 cloak (worn)
 F - the +0 pair of gloves "Vinluad" (worn) {rElec rN+ SInv Stlth+}
   (Okawaru gifted it to you on level 9 of the Dungeon)

   rElec:     It insulates you from electricity.
   rN:        It protects you from negative energy.
   SInv:      It lets you see invisible.
   Stlth:     It makes you more stealthy.
 G - a +0 plate armour (worn)
Jewellery
 e - a ring of magical power
 i - a ring of flight (left hand)
 p - an amulet of guardian spirit
 t - a ring of ice
 B - an amulet of magic regeneration
 D - a +6 ring of intelligence
 N - a ring of protection from fire (right hand)
Wands
 x - a wand of quicksilver (6)
 A - a wand of roots (9)
 L - a wand of paralysis (3)
Scrolls
 g - 6 scrolls of magic mapping
 h - a scroll of teleportation
 k - 2 scrolls of amnesia
 o - 5 scrolls of immolation {unknown}
 r - 3 scrolls of enchant armour
 s - a scroll of silence {unknown}
 u - 2 scrolls of noise {unknown}
 y - a scroll of fear
 C - 2 scrolls of enchant weapon {unknown}
 E - 3 scrolls of blinking {unknown}
 H - a scroll of fog {unknown}
 I - 2 scrolls of acquirement {unknown}
 J - a scroll of vulnerability {unknown}
Potions
 f - a potion of might
 j - 2 potions of flight
 l - 2 potions of brilliance
 m - 3 potions of curing
 v - a potion of ambrosia
 w - a potion of magic
 z - 2 potions of haste
 K - a potion of cancellation
 M - a potion of berserk rage


   Skills:
 + Level 9.6 Fighting
 + Level 13.0 Long Blades
 + Level 2.1 Axes
 + Level 12.3 Armour
 + Level 2.4 Dodging
 + Level 1.5 Stealth
 + Level 9.5 Shields
 + Level 1.7 Invocations
 + Level 1.5 Evocations


You had 10 spell levels left.
You didn't know any spells.
Your spell library contained the following spells:

 Spells                   Type           Power      Damage    Failure   Level
 Sandblast                Erth           0%         2d4       100%        1
 Blink                    Tloc           0%         N/A       100%        2
 Passwall                 Tmut/Erth      0%         N/A       100%        2
 Sublimation of Blood     Necr           0%         N/A       100%        2
 Wereblood                Tmut           0%         N/A       100%        2
 Dazzling Flash           Conj/Hex       0%         N/A       100%        3
 Stone Arrow              Conj/Erth      0%         3d7       100%        3
 Anguish                  Hex/Necr       0%         N/A       100%        4
 Olgreb's Toxic Radiance  Pois           0%         N/A       100%        4
 Agony                    Necr           0%         N/A       100%        5
 Manifold Assault         Tloc           0%         N/A       100%        5
 Silence                  Hex/Air        0%         N/A       100%        5
 Enfeeble                 Hex            0%         N/A       100%        7
 Ozocubu's Refrigeration  Ice            0%         4d7       100%        7
 Storm Form               Tmut/Air       0%         N/A       100%        7
 Ignition                 Fire           0%         3d3       100%        8
 Summon Hydra             Summ           Unusable   N/A       N/A         7

Dungeon Overview and Level Annotations

Branches:
Dungeon (11/15)            Temple (1/1) D:6            Lair (1/5) D:10
    Orc (0/2) D:11

Altars:
Cheibriados
Dithmenos
Fedhas
Hepliaklqana
Okawaru
Qazlal
Trog
Wu Jian
Yredelemnul
The Shining One

Shops:
D:2 (   D:9 *   D:11 :*(

Annotations:
D:11 3 runed translucent doors, fleris's ghost, journeyman MiBe; grerr's ghost, journeyman FoFi


Innate Abilities, Weirdness & Mutations

You have a pair of horns on your head.
You reflexively headbutt those who attack you in melee.


Message History

The six-headed hydra bites you but does no damage. x2
The six-headed hydra barely misses you.
The six-headed hydra bites you but does no damage.
You block the six-headed hydra's attack.
Unknown command.
You hack one of the six-headed hydra's heads off!
The flame cauterises the wound!
You slash the five-headed hydra! You burn the five-headed hydra.
You headbutt the five-headed hydra!
The five-headed hydra is heavily wounded.
You block the five-headed hydra's attack. x2
The five-headed hydra bites you. x2
The five-headed hydra bites you but does no damage.
You block the five-headed hydra's attack. x2
The five-headed hydra barely misses you.
The five-headed hydra bites you! The five-headed hydra bites you.
You slice one of the five-headed hydra's heads off!
The flame cauterises the wound!
You hit the four-headed hydra. You burn the four-headed hydra.
The four-headed hydra is heavily wounded.
The four-headed hydra bites you but does no damage. x2
The four-headed hydra bites you!
* * * LOW HITPOINT WARNING * * *
The four-headed hydra bites you!
* * * LOW HITPOINT WARNING * * *
You hit the four-headed hydra. You burn the four-headed hydra.
The four-headed hydra is heavily wounded.
The four-headed hydra barely misses you.
You block the four-headed hydra's attack.
The four-headed hydra bites you but does no damage.
The four-headed hydra barely misses you.
You chop one of the four-headed hydra's heads off!
The flame cauterises the wound!
You slash the three-headed hydra! You burn the three-headed hydra.
The three-headed hydra is severely wounded.
The three-headed hydra bites you.
* * * LOW HITPOINT WARNING * * *
The three-headed hydra bites you but does no damage.
The three-headed hydra closely misses you.
The three-headed hydra bites you!
You die...

##.###.#.# #.....~≈~~~≈≈≈~.....
#........# #..##~~≈≈.~~~~~^.#
#....#.#.#####..##~≈≈≈~<.≈~~~.#
#.###.#.......>.##.~≈≈.~~~≈~.#..#
#.P######....##.##~~≈≈~~≈~≈~.#
#.#######..#..P.....≈≈≈≈≈≈~..#
#..................~~~~~~~.~#..
##.#.#.##..#..##>.#.††.~~....###
#########...#.#@###.#.P.#####
##.####D# #....## #..##Fl# ###.##
#.###..## #..# ###..#....##...##
#............... ###
#.#####...##..#. #.###.#..###.#.#
... ###.............# #.


You could see a three-headed hydra, a basilisk and a bullfrog.

Vanquished Creatures
  2 hydras
  Harold (D:9)
  A two-headed ogre (D:6)
  Nergalle (D:10)
  A lindwurm (D:10)
  A manticore (D:8)
  An unseen horror (D:8)
  3 trolls
  A hornet (D:8)
  2 shadows
  A vampire (D:10)
  A wyvern (D:9)
  6 yaks
  4 vampire mosquitoes (D:10)
  3 acid dragons
  4 water moccasins
  3 orc warriors (D:11)
  A sky beast (D:8)
  4 black bears
  6 centaurs
  Blork the orc (D:4)
  4 kobold brigands
  5 bullfrogs
  A necrophage (D:5)
  A gnoll sergeant (D:9)
  3 scorpions (D:5)
  4 wights
  11 killer bees
  4 howler monkeys
  A crimson imp (D:3)
  A lava snake (D:10)
  3 jellies
  4 gnoll boudas
  5 orc priests
  A hound (D:7)
  4 iguanas
  9 orc wizards
  25 gnolls
  7 adders
  2 shadow imps (D:7)
  A white imp (D:8)
  A dart slug (D:4)
  38 orcs
  6 endoplasms
  2 giant cockroaches
  2 goblins
  8 hobgoblins
  7 jackals
  25 kobolds
  2 quokkas
  8 ball pythons
  7 bats
  2 frilled lizards
  A goblin skeleton (D:3)
  3 goblin zombies (D:3)
  2 hobgoblin zombies (D:3)
  A kobold skeleton (D:3)
  An orc zombie (D:3)
  A rat (D:3)
261 creatures vanquished.

Vanquished Creatures (others)
  An acid dragon (D:10)
  3 fungi (Lair:1)
  13 plants
17 creatures vanquished.

Grand Total: 278 creatures vanquished

Notes
Turn   | Place    | Note
-------+----------+-------------------------------------------
     0 | D:1      | Peloso the Minotaur Fighter began the quest for the Orb.
     0 | D:1      | Reached XP level 1. HP: 19/19 MP: 0/0
   310 | D:1      | Reached XP level 2. HP: 27/27 MP: 1/1
   769 | D:2      | Reached skill level 3 in Long Blades
   820 | D:2      | Reached XP level 3. HP: 33/33 MP: 2/2
   892 | D:2      | Found Nyllut's Antique Weapon Shop.
  1829 | D:2      | Reached XP level 4. HP: 17/40 MP: 3/3
  2620 | D:3      | Found a glowing golden altar of the Shining One.
  2636 | D:3      | Reached skill level 4 in Long Blades
  2636 | D:3      | Reached skill level 5 in Armour
  2636 | D:3      | Reached XP level 5. HP: 47/47 MP: 4/4
  2844 | D:3      | Found an iron altar of Okawaru.
  2852 | D:3      | Became a worshipper of Warmaster Okawaru
  3478 | D:4      | Noticed Blork the orc
  3487 | D:4      | Killed Blork the orc
  3488 | D:4      | Reached skill level 5 in Long Blades
  3488 | D:4      | Reached XP level 6. HP: 35/53 MP: 5/5
  3685 | D:4      | Found a shadowy altar of Dithmenos.
  3741 | D:4      | Identified the +1 short sword "Yzes" {vamp, Int+3 Dex+3}
  3986 | D:5      | Entered Level 5 of the Dungeon
  4131 | D:5      | Reached skill level 5 in Shields
  4308 | D:2      | Bought a glowing long sword for 195 gold pieces
  4404 | D:5      | You are sucked into a shaft and drop 1 floor!
  4466 | D:6      | Reached XP level 7. HP: 34/60 MP: 6/6
  4494 | D:6      | Reached skill level 6 in Long Blades
  4772 | D:6      | Found a staircase to the Ecumenical Temple.
  4815 | Temple   | Entered the Ecumenical Temple
  4913 | D:6      | Reached * piety under Okawaru
  4914 | D:6      | Reached skill level 5 in Fighting
  5073 | D:6      | Noticed a two-headed ogre
  5315 | D:5      | Found a large runed translucent door.
  5319 | D:5      | Found a large runed translucent door.
  5332 | D:5      | Reached skill level 7 in Long Blades
  5501 | D:5      | Reached XP level 8. HP: 59/69 MP: 4/7
  5760 | D:5      | Found a snail-covered altar of Cheibriados.
  5771 | D:5      | Found a basalt altar of Yredelemnul.
  5901 | D:6      | Reached skill level 8 in Long Blades
  6563 | D:6      | Killed a two-headed ogre
  6563 | D:6      | Reached ** piety under Okawaru
  6564 | D:6      | Reached skill level 9 in Long Blades
  6564 | D:6      | Reached skill level 1 in Dodging
  6714 | D:6      | Reached XP level 9. HP: 70/78 MP: 8/8
  7062 | D:7      | Reached skill level 1 in Evocations
  7599 | D:7      | Reached *** piety under Okawaru
  8306 | D:8      | Reached skill level 10 in Long Blades
  8584 | D:8      | Noticed a manticore
  8594 | D:8      | Killed a manticore
  8594 | D:8      | Reached **** piety under Okawaru
  8790 | D:8      | Reached skill level 11 in Long Blades
  8994 | D:8      | Noticed a seven-headed hydra
  9023 | D:7      | Killed a one-headed hydra
  9023 | D:7      | Reached ***** piety under Okawaru
  9024 | D:7      | Reached skill level 1 in Axes
  9024 | D:7      | Reached skill level 10 in Armour
  9024 | D:7      | Reached skill level 1 in Stealth
  9024 | D:7      | Reached XP level 10. HP: 31/88 MP: 7/9
 10766 | D:9      | Noticed Harold
 10778 | D:9      | Killed Harold
 10778 | D:9      | Identified the +0 pair of gloves "Vinluad" {rElec rN+ SInv
                  | Stlth+} (Okawaru gifted it to you on level 9 of the
                  | Dungeon)
 10778 | D:9      | Received a gift from Okawaru
 10779 | D:9      | Reached skill level 12 in Long Blades
 10779 | D:9      | Reached skill level 1 in Invocations
 10968 | D:9      | Found Piaraith's General Store.
 10974 | D:9      | Bought 3 scrolls of identify for 84 gold pieces
 11142 | D:9      | Identified the +0 ring mail "Kivoul" {rElec Int+6 Slay-3}
 11568 | D:10     | Entered Level 10 of the Dungeon
 11623 | D:10     | Noticed Nergalle
 11639 | D:10     | Noticed a spectral orc warlord
 11639 | D:10     | Killed Nergalle
 12085 | D:10     | Reached XP level 11. HP: 65/95 MP: 10/10
 12492 | D:10     | Found a staircase to the Lair.
 12917 | D:10     | Noticed a deep elf pyromancer
 12918 | D:10     | Noticed a lindwurm
 13346 | D:10     | Killed a lindwurm
 13824 | D:11     | Found Xidomapp's Weapon Emporium.
 13849 | D:11     | Noticed a seven-headed hydra
 13864 | D:11     | Killed a one-headed hydra
 14368 | D:11     | Found a staircase to the Orcish Mines.
 14537 | D:11     | Found Eridd's Book Boutique.
 14801 | D:11     | Found a runed translucent gate.
 14801 | D:11     | Found a runed translucent gate.
 14801 | D:11     | Found a runed translucent gate.
 14806 | D:11     | Noticed fleris's ghost (journeyman MiBe)
 14806 | D:11     | Noticed grerr's ghost (journeyman FoFi)
 14858 | D:11     | Found Oshrub's Assorted Antiques.
 14945 | D:11     | Bought a scroll labelled ACECSI LONIPS for 31 gold pieces
 14945 | D:11     | Bought a scroll of identify for 62 gold pieces
 15392 | Lair:1   | Entered Level 1 of the Lair of Beasts
 15519 | D:10     | Reached skill level 13 in Long Blades
 15807 | Lair:1   | Noticed a seven-headed hydra
 15836 | Lair:1   | Slain by a three-headed hydra

Illustrated notes

Levels and vault maps discovered:
D:1:      reono_arrival_mine, layout_loops_ring
D:2:      layout_loops_cross, serial_shops, shop
D:3:      layout_basic, nicolae_tso_besieged_by_evil, okawaru_altar_gauntlet_db,
          nicolae_grassy_gnolls
D:4:      layout_loops_ring, lemuel_tele_altar, uniq_blork_the_orc
D:5:      layout_basic, jmf_multi_god_temple2
D:6:      layout_layer_cave, minmay_temple_entry_drinking_statues
D:7:      layout_basic
D:8:      minmay_four_partial_circles, layout_cave_pools, wad_mini_maze
D:9:      layout_loops_cross, minmay_hedge_maze, nicolae_stop_n_shop_1,
          uniq_harold
D:10:     lemuel_flame_loot_2, layout_irregular_city, lair_entry_dummy,
          uniq_nergalle
D:11:     layout_loops_ring, david_orc_3, gammafunk_ghost_cemetery,
          serial_shops, nicolae_square_shop, nicolae_shop_behind_doors,
          nicolae_diamond_shop
Temple:   nicolae_temple_bog_church
Lair:1:   layout_loops_ring, serial_bayou_pond_c, infiniplex_staircase_pool_2

Skill      XL: |  1  2  3  4  5  6  7  8  9 10 11 |
---------------+----------------------------------+-----
Armour         | 4 5 6 8 10 11 12 | 12.3
Long Blades    | 3 4 5 7 9 11 12 13 | 13.0
Shields        | 4 5 6 8 9 |  9.5
Fighting       | 4 5 6 8 9 |  9.6
Dodging        | 1 2 |  2.4
Evocations     | 1 |  1.5
Axes           | 1 2 |  2.1
Stealth        | 1 |  1.5
Invocations    | 1 |  1.7

Action                   |  1- 3 |  4- 6 |  7- 9 | 10-12 || total
-------------------------+-------+-------+-------+-------++-------
Melee: Long sword        |    86 |   126 |   302 |    94 ||   608
       Headbutt          |     8 |    19 |    51 |    70 ||   148
       Hand axe          |       |       |    10 |    16 ||    26
       Scimitar          |       |       |       |   228 ||   228
Invok: Heroism           |       |       |     5 |     7 ||    12
Evoke: Wand              |       |       |     3 |       ||     3
  Use: Potion            |     1 |       |     2 |     4 ||     7
       Scroll            |     3 |     5 |       |     9 ||    17
Armor: Scale mail        |    48 |       |       |       ||    48
       Plate armour      |     9 |    55 |   223 |   322 ||   609
Dodge: Dodged            |    45 |    37 |   124 |   132 ||   338
Block: Buckler           |    32 |    32 |    92 |    26 ||   182
       Kite shield       |       |       |       |   196 ||   196
